Map: [ESL] Oceanborn

Players

Silky

  • Race: Zerg Zerg
  • Spawn Location: 11:00

Cyan - Winner!

  • Race: Protoss Protoss
  • Spawn Location: 5:00

Event: ESL SC2 Masters 2024 Spring (Regional)

VOD

Have the link to the VOD?

Description

Time

  • Played on: April 10, 2024, 8:37 a.m.
  • Length: 16:18

All games in this series

Show
View Real Time Build Order
Export as new Build Order

Silky Zerg 

Build Orders: Hatch First, Lurkers, Swarm Host 

Get SALT Encoding   

  12  0:00  Drone  
  13  0:12  Overlord  
  13  0:17  Drone  
  14  0:31  Drone x2  
  16  0:48  Hatchery  
  15  0:51  Drone  
  15  0:55  Drone  
  17  0:58  Drone  
  18  1:06  Extractor  
  17  1:13  Spawning Pool  
  17  1:18  Drone  
  17  1:20  Drone  
  18  1:28  Drone  
  19  1:39  Drone  
  20  1:50  Drone  
  21  2:00  Queen x2  
  26  2:01  Zergling x2  
  26  2:02  Drone  
  26  2:07  Metabolic Boost  
  27  2:11  Drone  
  27  2:12  Overlord  
  28  2:32  Drone  
  28  2:33  Zergling x2  
  28  2:35  Zergling x2  
  28  2:36  Zergling x2  
  32  2:39  Queen  
  34  2:46  Overlord, Drone  
  35  2:54  Extractor  
  35  2:58  Drone x2  
  35  3:05  Overlord  
  35  3:11  Queen  
  35  3:12  Drone x4  
  41  3:18  Hatchery  
  41  3:23  Overlord  
  41  3:27  Queen  
  41  3:29  Spore Crawler  
  41  3:31  Zergling x2  
  41  3:33  Zergling x2  
  44  3:35  Zergling x2  
  45  3:43  Drone x4  
  45  3:47  Drone  
  50  3:51  Queen  
  52  3:59  Drone x4  
  56  4:05  Drone  
  56  4:08  Spore Crawler  
  56  4:13  Drone  
  57  4:18  Zergling x6  
  60  4:27  Overlord  
  60  4:31  Lair  
  60  4:32  Overlord, Extractor  
  59  4:42  Drone x8  
  62  4:54  Drone  
  62  4:55  Drone x2  
  62  4:59  Hatchery  
  64  5:00  Extractor  
  64  5:01  Spore Crawler  
  63  5:07  Drone x5  
  63  5:13  Drone x5  
  72  5:19  Drone  
  72  5:20  Evolution Chamber  
  72  5:23  Drone  
  72  5:24  Drone x3, Extractor  
  73  5:29  Spore Crawler  
  73  5:31  Spore Crawler  
  73  5:32  Drone x2  
  74  5:35  Extractor  
  74  5:37  Extractor  
  74  5:39  Infestation Pit  
  74  5:40  Drone x4  
  75  5:45  Roach Warren  
  75  5:49  Drone, Zerg Missile Weapons Level 1  
  77  5:50  Drone x3  
  77  5:51  Overlord  
  77  5:53  Overseer  
  78  5:59  Overlord x2  
  76  6:06  Zergling x10  
  76  6:09  Drone x2  
  76  6:10  Zergling x2, Drone  
  85  6:17  Zergling x12  
  91  6:21  Overlord  
  91  6:23  Drone x2  
  91  6:24  Drone  
  94  6:26  Glial Reconstitution  
  94  6:27  Roach  
  94  6:30  Overlord  
  96  6:38  Overlord  
  96  6:39  Overlord x2  
  96  6:41  Roach x2  
  100  6:47  Swarm Host x3  
  109  6:56  Swarm Host x4  
  119  7:06  Swarm Host x4  
  127  7:11  Roach x3  
  127  7:14  Roach x2  
  135  7:18  Roach x2  
  135  7:20  Overlord  
  139  7:24  Overlord x2  
  139  7:27  Roach x2  
  143  7:32  Overlord x2  
  143  7:34  Overlord  
  143  7:35  Overseer  
  143  7:45  Roach  
  143  7:46  Roach x5  
  143  7:47  Drone x2  
  157  7:53  Roach x4  
  163  8:03  Roach  
  163  8:04  Roach x4  
  173  8:07  Zerg Missile Weapons Level 2  
  172  8:13  Roach  
  172  8:14  Roach x4  
  172  8:18  Overlord  
  181  8:20  Hive  
  181  8:21  Drone  
  181  8:22  Ravager x2  
  183  8:29  Overlord  
  183  8:30  Roach x3  
  187  8:39  Roach  
  187  8:40  Roach x4  
  191  8:54  Roach x4  
  195  9:11  Hydralisk Den  
  195  9:12  Extractor  
  195  9:14  Extractor  
  190  9:18  Drone  
  190  9:19  Drone x7  
  190  9:23  Spine Crawler, Extractor  
  196  9:35  Hatchery  
  196  9:36  Drone x5  
  200  9:39  Spine Crawler  
  200  9:41  Spine Crawler x2  
  195  10:08  Hydralisk x2  
  195  10:09  Lurker Den  
  195  10:10  Lurker Den  
  197  10:15  Hydralisk  
  193  10:31  Hydralisk x3  
  199  10:40  Hatchery  
  199  10:41  Spore Crawler  
  197  10:59  Roach  
  197  11:00  Roach x5  
  199  11:11  Adaptive Talons, Seismic Spines  
  199  11:15  Zerg Missile Weapons Level 3  
  193  11:29  Lurker x6  
  193  11:30  Hydralisk  
  193  11:31  Hydralisk x5  
  186  11:40  Hydralisk  
  186  11:41  Hydralisk x6  
  181  11:52  Hydralisk x9  
  191  11:58  Drone x4  
  192  12:06  Overlord x2  
  192  12:07  Overlord x2  
  192  12:17  Hatchery  
  192  12:21  Hydralisk x4  
  184  12:26  Lurker x9  
  193  12:33  Hydralisk x7  
  193  12:36  Roach x5  
  193  12:38  Roach x7  
  177  12:50  Hydralisk x6  
  175  13:04  Roach x5  
  182  13:11  Lurker x4  
  182  13:14  Drone x2  
  182  13:16  Drone  
  179  13:24  Lurker x4  
  168  13:27  Hydralisk  
  168  13:29  Roach x2  
  168  13:32  Roach  
  176  13:35  Roach x2  
  176  13:38  Roach  
  176  13:40  Roach  
  184  13:41  Overseer  
  184  13:49  Roach x3  
  184  13:52  Roach  
  184  13:54  Roach  
  175  14:05  Overseer  
  175  14:06  Overseer x4  
  175  14:07  Roach x3  
  175  14:08  Overseer  
  159  14:20  Hydralisk x4  
  163  14:34  Drone x8  
  171  14:42  Hydralisk  
  171  14:43  Hydralisk x2  
  170  14:49  Drone x5  
  161  15:00  Hydralisk x3  
  165  15:08  Hydralisk  
  162  15:16  Hydralisk  
  162  15:17  Hydralisk x4  
  172  15:23  Hydralisk  
  172  15:24  Hydralisk x2  
  172  15:28  Lurker x3  
  179  15:38  Hydralisk x3  
  181  15:46  Hydralisk x3  
Show
View Real Time Build Order
Export as new Build Order

Cyan Protoss - Winner!

Build Orders: 1 Gate Expand, Oracle Opening, Zealot Archon 

Get SALT Encoding   

  12  0:00  Probe  
  13  0:14  Pylon  
  13  0:18  Probe (Chrono Boost)  
  15  0:29  Probe (Chrono Boost)  
  15  0:33  Probe (Chrono Boost)  
  16  0:41  Gateway  
  16  0:44  Probe  
  16  0:49  Assimilator  
  17  0:56  Probe  
  18  1:09  Probe  
  19  1:21  Probe  
  20  1:26  Nexus  
  20  1:34  Cybernetics Core  
  20  1:37  Probe  
  21  1:43  Assimilator  
  21  1:49  Probe  
  21  1:53  Pylon  
  23  2:01  Probe (Chrono Boost)  
  23  2:08  Adept (Chrono Boost)  
  23  2:13  Probe (Chrono Boost)  
  26  2:17  Stargate  
  26  2:20  Probe (Chrono Boost)  
  27  2:28  Warp Gate  
  27  2:29  Probe  
  28  2:32  Adept (Chrono Boost)  
  30  2:40  Probe  
  30  2:41  Pylon  
  30  2:42  Probe  
  32  2:53  Probe, Adept  
  35  2:59  Probe  
  35  3:01  Pylon  
  35  3:05  Oracle (Chrono Boost)  
  39  3:07  Probe  
  40  3:13  Probe  
  40  3:17  Gateway  
  40  3:19  Probe  
  42  3:25  Probe, Adept  
  45  3:31  Probe  
  46  3:37  Probe  
  46  3:40  Pylon, Oracle (Chrono Boost)  
  47  3:43  Probe  
  51  3:49  Probe  
  52  3:55  Probe  
  52  3:59  Nexus  
  53  4:04  Pylon  
  53  4:05  Probe  
  53  4:08  Probe  
  55  4:13  Oracle  
  58  4:17  Assimilator, Probe  
  58  4:20  Probe  
  58  4:23  Assimilator  
  60  4:29  Pylon, Probe  
  61  4:32  Probe, Adept  
  61  4:33  Adept  
  66  4:41  Probe  
  66  4:44  Probe  
  64  4:53  Shield Battery, Probe  
  64  4:56  Probe  
  64  4:57  Twilight Council  
  64  4:59  Forge  
  64  5:05  Stalker x2  
  64  5:06  Probe (Chrono Boost)  
  66  5:08  Probe (Chrono Boost)  
  66  5:11  Probe (Chrono Boost)  
  68  5:18  Probe (Chrono Boost)  
  68  5:20  Probe (Chrono Boost), Gateway  
  71  5:22  Probe (Chrono Boost)  
  71  5:24  Probe (Chrono Boost), Gateway  
  71  5:25  Charge, Probe (Chrono Boost)  
  71  5:26  Probe (Chrono Boost)  
  71  5:28  Protoss Ground Weapons Level 1 (Chrono Boost)  
  73  5:33  Probe  
  72  5:35  Probe  
  72  5:36  Stalker x2  
  77  5:43  Probe, Gateway  
  77  5:46  Gateway  
  77  5:49  Gateway  
  78  5:53  Gateway  
  78  5:54  Probe  
  79  5:58  Probe  
  79  5:59  Robotics Facility, Probe  
  81  6:07  Templar Archives  
  81  6:08  Zealot x2, Assimilator  
  85  6:11  Probe  
  85  6:17  Stalker  
  88  6:18  Pylon  
  88  6:19  Stalker  
  88  6:21  Probe  
  88  6:23  Probe  
  88  6:25  Assimilator  
  92  6:27  Pylon  
  92  6:28  Pylon  
  92  6:45  High Templar x3  
  92  6:46  Warp Prism  
  100  6:48  Probe  
  100  6:51  Pylon, Archon  
  100  6:54  Zealot x5  
  105  7:00  Nexus  
  110  7:02  Pylon  
  110  7:06  Pylon  
  110  7:07  Probe  
  111  7:14  Shield Battery, Probe  
  111  7:15  High Templar  
  111  7:16  High Templar  
  111  7:17  High Templar, Photon Cannon  
  111  7:19  Observer  
  111  7:21  Archon x2  
  118  7:23  Probe  
  118  7:25  Photon Cannon  
  118  7:28  Shield Battery  
  119  7:34  Zealot, High Templar x2  
  119  7:35  Zealot x2  
  129  7:37  Protoss Ground Weapons Level 2 (Chrono Boost), Probe  
  129  7:40  Shield Battery  
  129  7:41  Pylon  
  129  7:43  Probe  
  132  7:44  Probe  
  132  7:45  Photon Cannon  
  132  7:49  Probe  
  133  7:52  Archon  
  133  7:55  Probe  
  133  7:57  Robotics Bay  
  126  8:16  Immortal (Chrono Boost)  
  126  8:18  Phoenix, Probe  
  131  8:21  Robotics Facility  
  131  8:24  Photon Cannon, Probe x2  
  131  8:26  Probe  
  134  8:27  Photon Cannon  
  134  8:30  Photon Cannon, Shield Battery  
  134  8:33  Photon Cannon  
  134  8:34  Shield Battery  
  134  8:35  Shield Battery  
  134  8:38  Pylon  
  134  8:48  Colossus (Chrono Boost)  
  132  8:50  Extended Thermal Lance (Chrono Boost)  
  132  8:53  Probe  
  139  8:56  Gateway  
  139  8:57  Zealot x6, Assimilator x2, Gateway  
  149  9:03  Probe  
  148  9:17  Photon Cannon x2  
  148  9:21  Templar Archives  
  148  9:22  Colossus (Chrono Boost)  
  134  9:30  Probe  
  141  9:31  Colossus (Chrono Boost)  
  141  9:35  Adept  
  149  9:40  Sentry  
  151  9:45  Blink  
  151  9:46  Pylon, Gateway  
  151  9:48  Pylon  
  151  9:53  Zealot x4  
  151  9:54  Zealot x4  
  166  10:00  Probe  
  162  10:07  Immortal (Chrono Boost)  
  162  10:11  Shield Battery  
  162  10:12  Photon Cannon  
  162  10:13  Zealot x3  
  170  10:15  Immortal (Chrono Boost)  
  170  10:19  Zealot x3  
  180  10:24  Protoss Ground Weapons Level 3 (Chrono Boost), Forge  
  180  10:26  Fleet Beacon  
  180  10:33  Gravitic Drive  
  180  10:36  Dark Shrine  
  178  10:52  Immortal (Chrono Boost)  
  178  10:54  Pylon  
  178  10:56  Pylon  
  176  11:04  Zealot x3  
  180  11:10  Colossus (Chrono Boost)  
  180  11:22  Protoss Shields Level 1 (Chrono Boost)  
  180  11:24  Stalker x10  
  194  11:30  Nexus  
  186  11:33  Pylon  
  186  11:34  Pylon  
  164  11:49  Zealot x11  
  186  12:03  Mothership (Chrono Boost)  
  160  12:23  Zealot x7  
  160  12:24  Zealot x4  
  160  12:28  Photon Cannon  
  178  12:31  Shield Battery  
  142  12:46  Immortal  
  117  12:55  High Templar x7  
  117  12:56  High Templar x4  
  139  13:00  Immortal  
  139  13:05  Archon x4  
  139  13:06  Archon  
  139  13:10  Probe  
  139  13:12  Assimilator  
  132  13:16  Assimilator  
  132  13:25  Immortal  
  136  13:30  High Templar x3  
  136  13:31  Dark Templar x3  
  148  13:36  Protoss Shields Level 2 (Chrono Boost)  
  148  13:37  Archon x3  
  148  13:39  Immortal  
  148  13:40  Dark Templar  
  154  13:41  Dark Templar  
  154  13:42  Protoss Ground Armor Level 1 (Chrono Boost)  
  156  13:48  Oracle  
  156  13:52  Adept  
  156  13:54  Probe x2  
  163  13:57  Probe  
  156  14:03  Zealot x8  
  156  14:04  Psionic Storm  
  156  14:09  Immortal  
  174  14:19  Zealot x3  
  174  14:26  Immortal  
  176  14:32  High Templar x4  
  176  14:38  Zealot x4  
  188  14:40  Probe x3  
  179  14:53  Immortal  
  179  14:54  Nexus  
  179  14:57  Pylon  
  179  14:58  Pylon  
  177  15:00  Zealot x2  
  175  15:23  High Templar x4  
  175  15:24  High Templar x4  
  175  15:27  Archon x2  
  175  15:28  Archon  
  191  15:29  Archon  
  191  15:30  Immortal  
  191  15:33  Immortal  
  147  15:58  Zealot x6  
  147  15:59  Zealot x5  
  145  16:17  Robotics Facility  
Tags
 
Add a new tag
Caveats
  • Supply blocks, unpowered buildings, or Contaminate may cause inaccurate times.
  • Supply counts are checked every 10 seconds.